 Dungeon Crawl Stone Soup version 0.27.1-3-gb3d3a73c9e (webtiles) character file.

Game seed: 6176071794215287629

66 Urokeeper the Sneak (level 4, -1/30 HPs)
             Began as an Octopode Brigand on Oct 29, 2021.
             Killed from afar by an orc wizard (7 damage)
             ... with a puff of flame
             ... on level 3 of the Dungeon.
             The game lasted 00:03:46 (1907 turns).

Urokeeper the Sneak (Octopode Brigand)              Turns: 1907, Time: 00:03:47

Health: -1/30      AC:  1    Str: 10    XL:     4   Next: 15%
Magic:  4/4        EV: 13    Int: 13    God:
Gold:   101        SH:  0    Dex: 14    Spells: 3/3 levels left

rFire    . . .     SeeInvis .   e - +1 demon trident (flame)
rCold    . . .     Faith    .   (no shield)
rNeg     . . .     Spirit   .   (helmet restricted)
rPois    .         Reflect  .   (no amulet)
rElec    .         Harm     .   (no ring)
rCorr    .         Rampage  .   (no ring)
Will     .....                  (no ring)
Stlth    ++++......             (no ring)
HPRegen  0.10/turn              (no ring)
MPRegen  0.09/turn              (no ring)
                                (no ring)
                                (no ring)

@: no status effects
A: almost no armour, amphibious, 8 rings, camouflage 1, gelatinous body 1,
(nimble swimmer 1), tentacles
a: no special abilities


You were on level 3 of the Dungeon.
You visited 1 branch of the dungeon, and saw 3 of its levels.

You collected 101 gold pieces.

Inventory:

Hand Weapons
 a - a +2 dagger
 e - a +1 demon trident of flaming (weapon)
 n - a +0 short sword
Missiles
 b - 12 poisoned darts (quivered)
 c - 2 curare-tipped darts
Jewellery
 g - a ring of wizardry
Wands
 l - a wand of flame (17)
Scrolls
 f - a scroll of identify
 i - a scroll of amnesia {unknown}
 k - a scroll of blinking {unknown}
 m - a scroll of fog {unknown}
 o - a scroll of enchant armour {unknown}
Potions
 d - a potion of attraction {unknown}
 h - 3 potions of curing {unknown}
 j - a potion of heal wounds {unknown}
 p - a potion of flight {unknown}
 q - a potion of berserk rage {unknown}
 r - a potion of degeneration {unknown}


   Skills:
 + Level 2.7 Fighting
 - Level 3.1 Short Blades
 * Level 0.7 Polearms
 - Level 2.0 Throwing
 + Level 1.2 Dodging
 - Level 5.8 Stealth


You had 3 spell levels left.
You didn't know any spells.
Your spell library contained the following spells:

 Spells                   Type           Power      Damage    Failure   Level
 Call Imp                 Summ           0%         N/A       43%         2
 Summon Guardian Golem    Hex/Summ       0%         N/A       67%         3
 Dispel Undead            Necr           0%         3d6       97%         4


Dungeon Overview and Level Annotations

Branches:
Dungeon (3/15)

Altars:


Innate Abilities, Weirdness & Mutations

You cannot wear most types of armour.
You are amphibious.
You can wear up to eight rings at the same time.
Your skin changes colour to match your surroundings (Stealth+).
Your rubbery body absorbs attacks. (AC +1, EV +1)
((You are camouflaged near water. (Stealth+)))
You have tentacles for arms and can constrict up to eight enemies at once.


Message History

The goblin barely misses you.
You see here a +0 falchion.
There is an open door here.
You closely miss the goblin. You grab the goblin. You squeeze the goblin.
The goblin is moderately wounded.
You constrict the goblin. The goblin barely misses you.
You barely miss the goblin.
The goblin is severely wounded.
You constrict the goblin.
You kill the goblin!
You puncture the orc! You burn the orc.
You kill the orc!
You closely miss the orc. You grab the orc.
You squeeze the orc, but do no damage. You constrict the orc.
The orc hits you with a +0 club.
You hit the orc. You burn the orc.
You kill the orc!
You hit the orc. You burn the orc.
You kill the orc!
You closely miss something. Something hits you.
You hear some strange, mumbled words.
A magic dart appears from out of thin air!
The magic dart hits you.
An endoplasm comes into view.
You completely miss something.
You hear some strange, mumbled words.
Something tries to affect you, but you resist.
You miss something. Something hits you.
You closely miss something.
The endoplasm quivers.
You squeeze something!
An orc wizard appears from thin air!
Reactivating autopickup.
The orc wizard hits you but does no damage.
The orc wizard hits you with a +0 dagger.
* * * LOW HITPOINT WARNING * * *
You closely miss the orc wizard. Your grab misses the orc wizard.
The orc wizard is severely wounded.
The orc wizard gestures at you while chanting.
The puff of flame hits you!
You die...

..........##.........#####
..........####...##...
..........# #...######
..........####...########
.........................
..)>.....................
(....###.<####...########
.....###+#####...###########
.............'..@o..........
.............#...#..J....#
.............#####.).....#
....†........# #.......#
.....#...##### #o$.....#
.........# #{o.....#
.........# ####.......#
.........# #.......)..#
###......# ............#


You could see an orc wizard and an endoplasm.

Vanquished Creatures
  An adder (D:2)
  2 worms
  4 orcs
  3 endoplasms (D:1)
  3 giant cockroaches (D:1)
  5 goblins
  3 hobgoblins
  3 jackals (D:2)
  A quokka (D:2)
  4 ball pythons
  3 bats
  2 frilled lizards (D:2)
  7 kobolds
  3 rats
44 creatures vanquished.

Notes
Turn   | Place    | Note
-------+----------+-------------------------------------------
     0 | D:1      | Urokeeper the Octopode Brigand began the quest for the Orb.
     0 | D:1      | Reached XP level 1. HP: 14/14 MP: 1/1
   348 | D:1      | Reached XP level 2. HP: 19/19 MP: 2/2
   434 | D:1      | Got the Volume of Supportive Stolen Souls
   448 | D:1      | Found a faded altar of an unknown god.
   949 | D:2      | Reached XP level 3. HP: 25/25 MP: 3/3
  1680 | D:2      | Identified a scroll of acquirement
  1681 | D:2      | Acquired a +1 demon trident of flaming
  1810 | D:3      | Reached XP level 4. HP: 30/30 MP: 4/4
  1907 | D:3      | Killed from afar by an orc wizard

Illustrated notes

Levels and vault maps discovered:
D:1:      elethiomel_arrival_quiet, layout_basic,
          hellmonk_ecumenical_altar_crossroads
D:2:      layout_basic
D:3:      layout_basic, ebering_ghost_rock_garden, uniq_jessica, uniq_terence,
          uniq_robin

Skill      XL: |  1  2  3 |
---------------+----------+-----
Short Blades   | 3 |  3.1
Fighting       | |  2.7
Polearms       | |  0.7
Throwing       | |  2.0
Dodging        | |  1.2
Stealth        | |  5.8

Action                   |  1- 3 |  4- 6 || total
-------------------------+-------+-------++-------
Melee: Dagger            |    54 |       ||    54
       Constrict         |    13 |     3 ||    16
       Tentacles         |     7 |     3 ||    10
       Demon trident     |     9 |    14 ||    23
  Use: Scroll            |     2 |       ||     2
 Stab: Sleeping          |    17 |       ||    17
Armor: Skin              |       |     2 ||     2
Dodge: Dodged            |    29 |     5 ||    34
